 Dungeon Crawl Stone Soup version 0.28-a0-79-g444c7a33f5 (webtiles) character file.

Game seed: 12533425301994852892

81 magicbymccauley the Covered (level 4, -2/40 HPs)
             Began as a Minotaur Fighter on Aug 4, 2021.
             Was a Believer of Cheibriados.
             Succumbed to a scorpion's poison
             ... on level 4 of the Dungeon.
             The game lasted 00:11:55 (3021 turns).

magicbymccauley the Covered (Minotaur Fighter)      Turns: 3021, Time: 00:11:56

Health: -2/40      AC: 11    Str: 23 (25) XL:     4   Next: 20%
Magic:  3/3        EV:  7    Int:  6 (9)  God:    Cheibriados [**....]
Gold:   122        SH: 10    Dex: 13 (14) Spells: 3/3 levels left

rFire   . . .      SeeInvis .   a - +0 long sword
rCold   . . .      Faith    .   c - +0 kite shield
rNeg    . . .      Spirit   +   b - +1 scale mail
rPois   .          Reflect  .   (helmet restricted)
rElec   .          Harm     .   i - +2 cloak {Will+}
rCorr   .          Rampage  .   (no gloves)
Will    +....                   (no boots)
Stlth   ..........              q - amulet of guardian spirit
HPRegen 0.13/turn               h - ring of flight
MPRegen 0.08/turn               (no ring)

@: lethally poisoned (-2 -> -13), flying, very slow
A: horns 2, retaliatory headbutt
a: Renounce Religion, Bend Time


You were on level 4 of the Dungeon.
You worshipped Cheibriados.
Cheibriados was pleased with you.
You visited 1 branch of the dungeon, and saw 4 of its levels.

You collected 122 gold pieces.

Inventory:

Hand Weapons
 a - a +0 long sword (weapon)
 n - a +4 quarterstaff of chaos
 o - a +0 long sword
Armour
 b - a +1 scale mail (worn)
 c - a +0 kite shield (worn)
 i - a +2 cloak of willpower (worn)
Jewellery
 h - a ring of flight (left hand)
 q - an amulet of guardian spirit (around neck)
Scrolls
 e - a scroll of vulnerability
 f - 2 scrolls of enchant weapon
Potions
 d - a potion of invisibility {unknown}
 g - a potion of curing


   Skills:
 + Level 4.3 Fighting
 + Level 3.4 Long Blades
 + Level 4.4 Armour
 + Level 0.3 Dodging
 + Level 0.4 Stealth
 + Level 4.1 Shields


You had 3 spell levels left.
You didn't know any spells.
Your spell library was empty.

Dungeon Overview and Level Annotations

Branches:
Dungeon (4/15)
 Temple: D:4-7

Altars:
Cheibriados

Shops:
D:3 =   D:4 :


Innate Abilities, Weirdness & Mutations

You have a pair of horns on your head.
You reflexively headbutt those who attack you in melee.


Message History

There are no items here.
You fly up into the air.
h - a ring of flight (left hand)
Found Xeghuidu's Self-Improvement Boutique.
Found a Trismegistus Codex.
There is an entrance to Xeghuidu's Self-Improvement Boutique here.
A scorpion comes into view.
A necrophage comes into view.
You block the scorpion's attack. The scorpion stings you.
You are poisoned.
The scorpion poisons you!
Found a club.
You hit the scorpion. You headbutt the scorpion.
The scorpion is severely wounded.
You feel sick. The scorpion stings you. x2
You are more poisoned.
The scorpion poisons you!
You feel very sick.
You feel very sick. The scorpion stings you! You block the necrophage's attack.
* * * LOW HITPOINT WARNING * * *
You feel sick.
The scorpion stings you but does no damage.
* * * LOW HITPOINT WARNING * * *
You feel sick.
The necrophage hits you but does no damage.
The scorpion closely misses you.
* * * LOW HITPOINT WARNING * * *
You feel sick.
As you read the scroll of teleportation, it crumbles to dust.
You feel strangely unstable.
You feel sick.
The scorpion stings you but does no damage.
The scorpion stings you.
* * * LOW HITPOINT WARNING * * *
You are more poisoned.
The scorpion poisons you!
* * * LOW HITPOINT WARNING * * *
You feel very sick.
Your surroundings suddenly seem different.
You die...

#.. ... #.. ..
#... ..
###..###.# ##
#........##.B
# ##........
..#
#.......#.....
#....@.......
#....g.#.....
#......# ...
#..h..... .
?...
#.........
....
#..........
#####...
#..........##
...#.#.
#.......#.##
....#. #....


You could see Ijyb (asleep), a jackal (wandering) and a giant cockroach
(asleep).

Vanquished Creatures
  Crazy Yiuf (D:3)
  3 endoplasms
  6 goblins
  5 hobgoblins
  7 jackals
  2 kobolds
  7 quokkas
  7 ball pythons
  2 bats (D:2)
  4 frilled lizards
  3 rats
47 creatures vanquished.

Notes
Turn   | Place    | Note
-------+----------+-------------------------------------------
     0 | D:1      | magicbymccauley the Minotaur Fighter began the quest for
                  | the Orb.
     0 | D:1      | Reached XP level 1. HP: 19/19 MP: 0/0
   146 | D:1      | Reached XP level 2. HP: 27/27 MP: 1/1
  1017 | D:1      | Found a faded altar of an unknown god.
  1022 | D:1      | Became a worshipper of Cheibriados the Contemplative
  1022 | D:1      | Reached * piety under Cheibriados
  1731 | D:2      | Reached XP level 3. HP: 30/33 MP: 2/2
  2204 | D:3      | Found a runed translucent door.
  2205 | D:3      | Noticed Crazy Yiuf
  2209 | D:3      | Killed Crazy Yiuf
  2401 | D:3      | Reached XP level 4. HP: 35/40 MP: 3/3
  2603 | D:3      | Reached ** piety under Cheibriados
  2621 | D:3      | Found Jiattodacw's Jewellery Boutique.
  2989 | D:4      | Found Xeghuidu's Self-Improvement Boutique.
  3010 | D:4      | Noticed a scorpion
  3011 | D:4      | Noticed a necrophage
  3020 | D:4      | HP: 1/40 [poisoned by a scorpion]
  3021 | D:4      | Succumbed to a scorpion's poison

Illustrated notes

Levels and vault maps discovered:
D:1:      mrwooster_arrival_arrow, layout_loops_corners,
          hellmonk_ecumenical_altar_leap_of_faith,
          chequers_serial_rivers_small_3, minmay_misc_feat_cross,
          chequers_arboretum
D:2:      layout_basic, chequers_serial_rivers_marsh, grunt_decor_junction
D:3:      layout_loops_ring, serial_shops, shop, uniq_crazy_yiuf_cottage
D:4:      layout_cave_pools, gammafunk_temple_overflow_claw,
          makhleb_heckhound_becter, minmay_temple_entry_statues_pillars,
          nicolae_shop_self_help, uniq_ijyb

Skill      XL: |  1  2  3 |
---------------+----------+-----
Fighting       | 4 |  4.3
Armour         | 4 |  4.4
Shields        | 4 |  4.1
Long Blades    | 3 |  3.4
Dodging        | |  0.3
Stealth        | |  0.4

Action                   |  1- 3 |  4- 6 || total
-------------------------+-------+-------++-------
Melee: Long sword        |    54 |    18 ||    72
       Headbutt          |     7 |     3 ||    10
  Use: Scroll            |     1 |     5 ||     6
       Potion            |       |     5 ||     5
Armor: Scale mail        |    29 |    10 ||    39
Dodge: Dodged            |    21 |     3 ||    24
Block: Kite shield       |    39 |     8 ||    47
       Rpst.: Long sword |     5 |       ||     5

Table legend: (Time is in decaauts)
 A = Elapsed time spent in this place.
 B = Non-inter-level travel time spent in this place.
 C = Inter-level travel time spent in this place.
 D = Time resting spent in this place.
 E = Time spent auto-exploring this place.
 F = Levels seen in this place.
 G = Mean time per level.
                   A        B        C        D        E       F      G
               +--------+--------+--------+--------+--------+-----+--------+
         Total |   3715 |   3715 |      0 |    376 |    409 |   4 |  928.8 |
       Dungeon |   3715 |   3715 |      0 |    376 |    409 |   4 |  928.8 |
               +--------+--------+--------+--------+--------+-----+--------+

Top non-repeatable levels by time:
     D:1: 1329 daAuts
     D:2: 1228 daAuts
     D:3: 1086 daAuts
     D:4: 70 daAuts
